 Dungeon Crawl Stone Soup version 0.27-a0-1290-g15d3ce7508 (webtiles) character file.

Game seed: 6571909484630006107

579 Delamore the Chopper (level 7, -2/56 HPs)
             Began as a Formicid Fighter on June 15, 2021.
             Was an Initiate of Ru.
             Slain by a kobold (4 damage)
             ... on level 6 of the Dungeon.
             The game lasted 00:03:48 (4169 turns).

Delamore the Chopper (Formicid Fighter)             Turns: 4169, Time: 00:03:48

Health: -2/56      AC: 13    Str: 23    XL:     7   Next: 63%
Magic:  7/7        EV:  8    Int:  7    God:    Ru [......]
Gold:   991        SH:  9    Dex: 10    Spells: 6/6 levels left

rFire    . . .     SeeInvis +   a - +1 war axe (protect)
rCold    . . .     Faith    .   c - +0 kite shield
rNeg     . . .     Spirit   .   b - +0 scale mail
rPois    .         Reflect  .   (helmet unavailable)
rElec    .         Harm     .   (no cloak)
rCorr    .         Rampage  .   (no gloves)
Will     .....                  (no boots)
Stlth    ..........             (no amulet)
HPRegen  0.18/turn              (no ring)
MPRegen  0.10/turn              (no ring)

@: lethally poisoned (-2 -> -22), under a protective aura
A: permanent stasis, dig shafts and tunnels, antennae 3, four strong arms
a: Dig, Shaft Self, Renounce Religion, Sacrifice Resistance, Sacrifice
Nimbleness, Sacrifice an Eye, Reject Sacrifices


You were on level 6 of the Dungeon.
You worshipped Ru.
Ru was noncommittal.
You visited 1 branch of the dungeon, and saw 6 of its levels.

You collected 991 gold pieces.

Inventory:

Hand Weapons
 a - a +1 war axe of protection (weapon)
Missiles
 e - 8 javelins
 l - 23 poisoned darts (quivered)
 n - a throwing net
Armour
 b - a +0 scale mail (worn)
 c - a +0 kite shield (worn)
 s - a +0 plate armour
Jewellery
 m - an amulet of faith
Wands
 q - a wand of flame (19)
Scrolls
 h - 2 scrolls of teleportation
 i - a scroll of immolation {unknown}
 r - a scroll of identify
 t - a scroll of silence {unknown}
Potions
 d - a potion of might
 f - a potion of attraction
 g - 2 potions of curing {unknown}
 j - a potion of invisibility {unknown}
 k - a potion of berserk rage {unknown}
 o - 3 potions of resistance {unknown}
 p - a potion of lignification {unknown}


   Skills:
 - Level 5.0 Fighting
 * Level 7.1 Axes
 - Level 3.2 Armour
 - Level 3.6 Shields


You had 6 spell levels left.
You didn't know any spells.
Your spell library was empty.

Dungeon Overview and Level Annotations

Branches:
Dungeon (6/15)
 Temple: D:4-7

Altars:
Ru
Wu Jian

Annotations:
D:5 Grinder
D:6 Menkaure, Sigmund


Innate Abilities, Weirdness & Mutations

You cannot be hasted, slowed, berserked, paralysed or teleported.
You can dig through walls and to a lower floor.
You have a pair of large antennae on your head. (SInv)
Your four strong arms can wield two-handed weapons with a shield.


Message History

* * * LOW HITPOINT WARNING * * *
Grinder blinks!
You extend your mandibles.
You dig through the rock wall.
You dig through the rock wall.
You dig through the rock wall.
You dig through the rock wall.
You retract your mandibles.
There is a stone staircase leading down here.
You climb downwards.
Level annotation: Menkaure 2 kobolds and a kobold brigand come into view.
The kobold brigand is wielding a +0 short sword and quivering curare-tipped darts.
The kobold brigand shouts!
The kobold shouts!
You hear a shout!
The kobold hits you but does no damage. x2
The kobold brigand throws a curare-tipped dart.
You block the curare-tipped dart.
Found 27 stones.
There is a stone staircase leading up here.
You are too injured to fight recklessly!
You closely miss the kobold. You slash the kobold!
Your weapon exudes an aura of protection.
You kill the kobold!
Sigmund the Dreaded comes into view.
He is wielding a +0 scythe.
The kobold brigand throws a curare-tipped dart.
The curare-tipped dart hits you.
You are poisoned.
You have difficulty breathing.
* * * LOW HITPOINT WARNING * * *
Your stasis prevents you from being slowed.
The kobold hits you but does no damage.
You feel sick.
The kobold brigand throws a curare-tipped dart.
The curare-tipped dart hits you.
You are lethally poisoned!
You have difficulty breathing.
* * * LOW HITPOINT WARNING * * *
Your stasis prevents you from being slowed.
The kobold hits you with a +0 short sword.
You die...

. #..
#.#########....
......K).......
.@.....@.......
.....K.........
...............
..............(
###############
{ {


You could see Sigmund, a kobold brigand and a kobold.

Vanquished Creatures
  A phantom (D:3)
  2 scorpions
  A hound (D:4)
  An orc priest (D:4)
  A jelly (D:4)
  A centaur skeleton (D:4)
  An orc wizard (D:4)
  2 hound skeletons
  4 gnolls
  8 adders
  An ufetubus (D:4)
  A worm (D:3)
  16 orcs
  9 endoplasms
  A giant cockroach (D:2)
  3 goblins
  6 hobgoblins
  4 jackals (D:1)
  9 kobolds
  2 quokkas
  12 ball pythons
  2 bats (D:2)
  2 frilled lizards (D:3)
  6 rats
96 creatures vanquished.

Notes
Turn   | Place    | Note
-------+----------+-------------------------------------------
     0 | D:1      | Delamore the Formicid Fighter began the quest for the Orb.
     0 | D:1      | Reached XP level 1. HP: 18/18 MP: 1/1
   132 | D:1      | Reached XP level 2. HP: 24/24 MP: 2/2
   247 | D:1      | Reached XP level 3. HP: 25/30 MP: 3/3
   250 | D:1      | Reached skill level 3 in Axes
   410 | D:1      | Found a faded altar of an unknown god.
   425 | D:1      | Became a worshipper of Ru the Awakened
   999 | D:2      | Reached XP level 4. HP: 37/37 MP: 4/4
  1093 | D:2      | Found a sacrificial altar of Ru.
  1630 | D:2      | Identified a scroll of acquirement
  1630 | D:2      | Acquired 750 gold pieces
  1672 | D:3      | Reached skill level 4 in Axes
  1735 | D:3      | Reached XP level 5. HP: 35/42 MP: 5/5
  1871 | D:3      | Found an ornate altar of the Wu Jian Council.
  1955 | D:3      | Noticed a phantom
  1965 | D:3      | Killed a phantom
  2002 | D:3      | Reached XP level 6. HP: 47/49 MP: 6/6
  2276 | D:3      | Reached skill level 5 in Axes
  2587 | D:4      | Reached skill level 5 in Fighting
  3318 | D:4      | Reached skill level 6 in Axes
  3318 | D:4      | Reached XP level 7. HP: 56/56 MP: 7/7
  3959 | D:5      | Entered Level 5 of the Dungeon
  3980 | D:5      | Reached skill level 7 in Axes
  4106 | D:5      | Noticed Grinder
  4147 | D:6      | Noticed Menkaure
  4147 | D:6      | Noticed a troll
  4168 | D:6      | Noticed Sigmund
  4169 | D:6      | HP: 2/56 [asphyx]
  4169 | D:6      | Slain by a kobold

Illustrated notes

Levels and vault maps discovered:
D:1:      dpeg_arrival_stonehenge_8_columns, layout_basic,
          hellmonk_ecumenical_altar_run_dry, minmay_misc_feat_square,
          minmay_bisected
D:2:      layout_basic, basic_altar, kennysheep_generic_room_7
D:3:      layout_basic, pdpol_wu_jian_five_deadly_venoms
D:4:      layout_loops_corners
D:5:      layout_layer_cave, lemuel_round_altar, minmay_misc_feat_x,
          minmay_misc_feat_ornament, uniq_grinder
D:6:      wad_river_or_something, layout_rooms, kennysheep_orc_sif_temple,
          minmay_temple_entry_offerings, uniq_sigmund, uniq_menkaure

Skill      XL: |  1  2  3  4  5  6  7 |
---------------+----------------------+-----
Axes           | 3 4 6 7 |  7.1
Fighting       | 4 5 |  5.0
Armour         | |  3.2
Shields        | |  3.6

Action                   |  1- 3 |  4- 6 |  7- 9 || total
-------------------------+-------+-------+-------++-------
Melee: War axe           |    82 |   180 |    62 ||   324
Throw: Dart              |       |    24 |     6 ||    30
 Abil: Dig               |       |     1 |     4 ||     5
Evoke: Wand              |       |       |     2 ||     2
  Use: Scroll            |       |     8 |       ||     8
Armor: Scale mail        |    48 |   101 |    31 ||   180
Dodge: Dodged            |    28 |    69 |    19 ||   116
Block: Kite shield       |    52 |   119 |    23 ||   194

Table legend: (Time is in decaauts)
 A = Elapsed time spent in this place.
 B = Non-inter-level travel time spent in this place.
 C = Inter-level travel time spent in this place.
 D = Time resting spent in this place.
 E = Time spent auto-exploring this place.
 F = Levels seen in this place.
 G = Mean time per level.
                   A        B        C        D        E       F      G
               +--------+--------+--------+--------+--------+-----+--------+
         Total |   4326 |   4267 |     59 |    610 |   2809 |   6 |  721.0 |
       Dungeon |   4326 |   4267 |     59 |    610 |   2809 |   6 |  721.0 |
               +--------+--------+--------+--------+--------+-----+--------+

Top non-repeatable levels by time:
     D:4: 1480 daAuts
     D:3: 1120 daAuts
     D:2: 814 daAuts
     D:1: 693 daAuts
     D:5: 212 daAuts
     D:6: 4 daAuts
